 Dungeon Crawl Stone Soup version 0.31-a0-446-g07c4bd200f (webtiles) character file.

Game seed: 577247618503248513

23048 Ethylacetat the Mimic (level 13, -18/108 HPs)
             Began as a Vine Stalker Monk on Aug 3, 2023.
             Was an Elder of Trog.
             Demolished by a titanic slime creature (46 damage)
             ... on level 13 of the Dungeon.
             The game lasted 00:29:18 (10447 turns).

Ethylacetat the Mimic (Vine Stalker Monk)          Turns: 10447, Time: 00:29:19

Health: -18/108    AC: 12    Str: 18    XL:     13   Next: 4%
Magic:  0/18       EV: 13    Int: 10    God:    Trog [****..]
Gold:   358        SH:  0    Dex: 22    Spells: 17/17 levels left

rFire   + . .        p - +6 broad axe (flame)
rCold   . . .        c - orb {light}
rNeg    . . .        T - +2 acid dragon scales
rPois   .            (helmet currently unavailable)
rElec   +            (cloak currently unavailable)
rCorr   +            (gloves currently unavailable)
SInv    .            (boots currently unavailable)
Will    +....        f - amulet of magic regeneration Stlth
                     q - ring "Ytonuick" {rElec rF+ Str+4 Slay-2 Stlth+}
HPRegen 1.18/turn    s - +4 ring of protection
MPRegen 0.56/turn

%: guardian spirit
@: berserking (expiring), beast-form, glowing, very quick
A: beast (slay +7), fangs 3, regeneration 1, magic shield, antimagic bite, no
potion heal 2
a: Begin Untransformation, Renounce Religion, Berserk, Trog's Hand, Brothers in
Arms


You were on level 13 of the Dungeon.
You worshipped Trog.
Trog was greatly pleased with you.
You were a hulking beast.
You visited 2 branches of the dungeon, and saw 14 of its levels.
You also visited: Sewer.

You collected 937 gold pieces.
You spent 579 gold pieces at shops.

Inventory:

Hand Weapons
 p - a +6 broad axe of flaming (weapon)
 S - a +6 antimagic great mace
Missiles
 y - 4 throwing nets (quivered)
Armour
 c - an orb of light (worn)
 x - a +1 ring mail of cold resistance
 T - +2 acid dragon scales (worn)
Jewellery
 a - an amulet of reflection
 f - an amulet of magic regeneration (around neck)
 q - the ring "Ytonuick" (left hand) {rElec rF+ Str+4 Slay-2 Stlth+}
   (You bought it in a shop on level 13 of the Dungeon)

   [ring of protection from fire]

   Str:       It affects your strength (+4).
   Slay:      It affects your accuracy & damage with ranged weapons and melee
   (-2).
   rF:        It protects you from fire.
   rElec:     It insulates you from electricity.
   Stlth:     It makes you more stealthy.
 r - a ring of magical power
 s - a +4 ring of protection (right hand)
 M - a ring of protection from fire
Talismans
 o - a beast talisman (active)
Wands
 n - a wand of digging (6)
 L - a wand of flame (10)
 V - a wand of acid (7)
Scrolls
 b - 3 scrolls of fear
 g - a scroll of poison {unknown}
 k - 4 scrolls of identify
 G - a scroll of revelation {unknown}
 H - a scroll of acquirement {unknown}
 I - 4 scrolls of immolation
 O - 4 scrolls of fog
 Q - 4 scrolls of teleportation
 R - a scroll of silence {unknown}
 X - a scroll of amnesia {unknown}
 Y - a scroll of blinking {unknown}
 Z - a scroll of torment {unknown}
Potions
 d - 4 potions of resistance {unknown}
 i - 3 potions of brilliance {unknown}
 j - 4 potions of curing {unknown}
 l - a potion of berserk rage {unknown}
 t - 4 potions of lignification
 u - a potion of degeneration {unknown}
 v - a potion of haste {unknown}
 z - 2 potions of mutation {unknown}
 A - 5 potions of might {unknown}
 B - a potion of experience {unknown}
 C - 4 potions of invisibility {unknown}
 D - 2 potions of magic {unknown}
 E - 2 potions of attraction {unknown}
 F - 2 potions of heal wounds {unknown}
 P - a potion of enlightenment {unknown}


   Skills:
 + Level 10.6 Fighting
 - Level 3.0 Dodging
 + Level 11.5 Unarmed Combat
 - Level 2.7 Spellcasting
 * Level 12.2 Shapeshifting


You had 17 spell levels left.
You didn't know any spells.
Your spell library contained the following spells:

 Spells                   Type           Power      Damage    Failure   Level
 Lesser Beckoning         Tloc           2%         N/A       50%         2
 Gell's Gravitas          Tloc           1%         N/A       75%         3
 Teleport Other           Tloc           1%         N/A       75%         3


Dungeon Overview and Level Annotations

Branches:
Dungeon (13/15)            Temple (1/1) D:4            Lair (0/5) D:8
    Orc (0/2) D:9           Sewer (visited)
 Vaults: D:13-14

Altars:
Ashenzari
Cheibriados
Dithmenos
Elyvilon
Fedhas
Gozag
Hepliaklqana
Kikubaaqudgha
Makhleb
Nemelex Xobeh
Okawaru
Qazlal
Ru
Sif Muna
Trog
Uskayaw
Vehumet
Wu Jian
Xom
Yredelemnul
Zin
The Shining One
Jiyva

Shops:
D:7 !(*   D:10 [   D:13 =

Annotations:
D:12 3 runed translucent doors, JustPassedBy's ghost, journeyman SpEn


Innate Abilities, Weirdness & Mutations

You are a hulking beast.
Your limbs bulge with bestial killing power. (Slay +7)
You have razor-sharp teeth.
Your natural rate of healing is unusually fast.
When hurt, damage is shared between your health and your magic reserves.
Your bite disrupts and absorbs the magic of your enemies.
Potions cannot restore your health.


Message History

You slash the slime creature! You burn the slime creature.
The slime creature is lightly wounded.
The slime creature barely misses you.
Two slime creatures merge to form a large slime creature.
You slice the large slime creature!! You burn the large slime creature.
You bite the large slime creature!! You drain its power.
The large slime creature is heavily wounded.
Two slime creatures merge to form a very large slime creature.
A large slime creature splits.
You slash the very large slime creature!
You burn the very large slime creature!
The very large slime creature is heavily wounded.
The very large slime creature hits you!
Two slime creatures merge to form an enormous slime creature.
A slime creature comes into view.
Two slime creatures merge to form a titanic slime creature.
The slime creature quivers.
You slash the titanic slime creature! You burn the titanic slime creature.
You bite the titanic slime creature!! You drain its power.
You feel invigorated.
The titanic slime creature is moderately wounded.
The titanic slime creature hits you but does no damage.
You hit the titanic slime creature. You burn the titanic slime creature.
The titanic slime creature is heavily wounded.
The titanic slime creature closely misses you.
You slice the titanic slime creature!! You burn the titanic slime creature.
You bite the titanic slime creature!! You drain its power.
The titanic slime creature is severely wounded.
The titanic slime creature misses you.
You slice the titanic slime creature!! You burn the titanic slime creature.
You bite the titanic slime creature. You drain its power.
The titanic slime creature is severely wounded.
The titanic slime creature hits you!!!!
Ouch! That really hurt!
* * * LOW HITPOINT WARNING * * *
You slash the titanic slime creature! You burn the titanic slime creature.
You bite the titanic slime creature! You drain its power.
You feel invigorated.
The titanic slime creature is severely wounded.
The titanic slime creature hits you!!!
You die...

#+# #.#
#.######.
#######<#......
).....#.≈......
.####.#.≈......
#...##∩#......
#... #h#######
#.. #J# ## #†#
.J. ....#
#..... #......
#......
#.......


You could see a titanic slime creature and a slime creature.

Vanquished Creatures
  Snorg (D:10)
  A hydra (D:10)
  6 two-headed ogres
  2 boulder beetles
  Pikel (D:6)
  A deep elf pyromancer (D:12)
  A cyclops (D:12)
  2 ugly things (D:12)
  2 manticores
  9 centaur zombies (D:10)
  Maggie (D:6)
  An unseen horror (D:12)
  3 kobold demonologists
  A komodo dragon (D:11)
  5 trolls
  Grinder (D:6)
  A hornet (D:8)
  5 slime creatures (D:12)
  Sigmund (D:2)
  A shadow (D:10)
  4 yaks (D:8)
  3 vampires
  A wyvern (D:10)
  A basilisk (D:13)
  4 steam dragons
  6 vampire mosquitoes
  2 acid dragons
  2 water moccasins
  Duvessa (D:7)
  3 orc warriors
  2 sky beasts
  A black bear (D:7)
  3 ogres
  3 wolves (D:8)
  2 centaurs
  2 phantoms
  8 kobold brigands
  4 bullfrogs
  A gnoll sergeant (D:5)
  3 scorpions
  5 wights
  Dowan (D:7)
  5 killer bees (D:9)
  4 howler monkeys
  3 electric eels (D:8)
  10 hounds
  8 orc priests
  Crazy Yiuf (D:2)
  A gnoll bouda (D:8)
  A sleepcap (D:4)
  7 orc wizards
  Terence (D:2)
  A howler monkey zombie (D:10)
  15 gnolls
  2 river rats (Sewer)
  9 adders
  A shadow imp (D:5)
  2 white imps
  An ufetubus (D:3)
  2 worms (D:5)
  A dart slug (D:2)
  29 orcs
  11 bats
  7 endoplasms
  5 giant cockroaches
  6 goblins
  8 hobgoblins
  5 jackals
  A quokka (D:3)
  17 ball pythons
  4 frilled lizards
  41 kobolds
  23 rats
340 creatures vanquished.

Vanquished Creatures (others)
  A human (D:7)
  2 orcs (D:8)
3 creatures vanquished.

Grand Total: 343 creatures vanquished

Notes
Turn   | Place    | Note
-------+----------+-------------------------------------------
     0 | D:1      | Ethylacetat the Vine Stalker Monk began the quest for the
                  | Orb.
     0 | D:1      | Reached XP level 1. HP: 11/11 MP: 2/2
    87 | D:1      | Reached XP level 2. HP: 16/16 MP: 3/3
   304 | D:1      | Reached XP level 3. HP: 20/20 MP: 4/4
  1038 | D:2      | Found a faded altar of an unknown god.
  1041 | D:2      | Noticed Terence
  1051 | D:2      | Killed Terence
  1052 | D:2      | Gained mutation: Your natural rate of healing is unusually
                  | fast. [Vine Stalker growth]
  1052 | D:2      | Reached XP level 4. HP: 16/24 MP: 5/5
  1095 | D:2      | Noticed Sigmund
  1122 | D:2      | Killed Sigmund
  1123 | D:2      | Reached XP level 5. HP: 24/29 MP: 5/9
  1123 | D:2      | Reached XP level 6. HP: 27/33 MP: 5/10
  1169 | D:2      | Prayed at the altar of an unknown god.
  1169 | D:2      | Became a worshipper of Trog the Wrathful
  1169 | D:2      | Reached * piety under Trog
  1169 | D:2      | Reached ** piety under Trog
  1461 | D:2      | Reached *** piety under Trog
  1578 | D:2      | Found a runed translucent door.
  1579 | D:2      | Noticed Crazy Yiuf
  1770 | D:2      | Killed Crazy Yiuf
  1935 | D:3      | Found a shadowy altar of Dithmenos.
  2247 | D:3      | Found a sacrificial altar of Ru.
  2375 | D:4      | Found a snail-covered altar of Cheibriados.
  2637 | D:4      | Found a staircase to the Ecumenical Temple.
  2642 | D:4      | Reached skill level 5 in Unarmed Combat
  2646 | Temple   | Entered the Ecumenical Temple
  2787 | D:4      | Reached skill level 1 in Shapeshifting
  2787 | D:4      | Reached XP level 7. HP: 38/38 MP: 11/11
  3274 | D:5      | Entered Level 5 of the Dungeon
  3338 | D:5      | Reached skill level 2 in Shapeshifting
  3343 | D:5      | Reached skill level 5 in Fighting
  3455 | D:5      | Found an iron altar of Okawaru.
  3462 | D:5      | Identified the +0 spear "Fyorch" {flame, +Blink}
  3531 | D:5      | Reached skill level 3 in Shapeshifting
  3531 | D:5      | Gained mutation: You have razor-sharp teeth. [Vine Stalker
                  | growth]
  3531 | D:5      | Reached XP level 8. HP: 20/43 MP: 13/13
  3570 | D:5      | Found a glowing drain.
  3589 | Sewer    | Entered a sewer
  3662 | Sewer    | Reached **** piety under Trog
  4522 | D:6      | Reached skill level 4 in Shapeshifting
  4561 | D:6      | Noticed Grinder
  4576 | D:6      | Killed Grinder
  4614 | D:6      | Found a broken altar of Ashenzari.
  4629 | D:6      | Noticed Pikel
  4636 | D:6      | Identified the +2 plate armour of the Furies {Harm rCorr
                  | SInv}
  4640 | D:6      | Killed Pikel
  4641 | D:6      | Reached skill level 5 in Shapeshifting
  4641 | D:6      | Reached XP level 9. HP: 49/49 MP: 14/14
  4688 | D:6      | Found a glowing silver altar of Zin.
  4690 | D:6      | Found a white marble altar of Elyvilon.
  4691 | D:6      | Found a glowing golden altar of the Shining One.
  4844 | D:6      | Reached skill level 6 in Shapeshifting
  4898 | D:6      | Noticed Maggie
  4912 | D:6      | Killed Maggie
  4963 | D:6      | Noticed a manticore
  4973 | D:6      | Killed a manticore
  4992 | D:6      | Reached skill level 7 in Shapeshifting
  4992 | D:6      | Reached XP level 10. HP: 55/55 MP: 15/15
  5105 | D:7      | Found Xanabb's Distillery.
  5108 | D:7      | Bought a potion of lignification for 36 gold pieces
  5135 | D:7      | Found Xana Lod's Antique Weapon Emporium.
  5171 | D:7      | Noticed Duvessa
  5171 | D:7      | Noticed Dowan
  5186 | D:7      | Killed Duvessa
  5189 | D:7      | Killed Dowan
  5250 | D:7      | Found an ancient bone altar of Kikubaaqudgha.
  5254 | D:7      | Found a sparkling altar of Nemelex Xobeh.
  5320 | D:7      | Found Acriaw's General Store.
  5337 | D:7      | Reached ***** piety under Trog
  5420 | D:7      | Found a hazy altar of Hepliaklqana.
  5426 | D:7      | Found a radiant altar of Vehumet.
  5429 | D:7      | Found an ornate altar of the Wu Jian Council.
  5556 | D:7      | Found a hide-covered altar of Uskayaw.
  5568 | D:7      | Noticed a +0 dagger
  5568 | D:7      | Noticed a +0 dagger
  6015 | D:8      | Found a staircase to the Lair.
  6037 | D:8      | Reached skill level 8 in Shapeshifting
  6851 | D:9      | Received a gift from Trog
  6869 | D:9      | Reached XP level 11. HP: 57/60 MP: 16/16
  6907 | D:9      | Reached skill level 9 in Shapeshifting
  7233 | D:9      | Noticed a two-headed ogre
  7245 | D:9      | Killed a two-headed ogre
  7377 | D:9      | Found a staircase to the Orcish Mines.
  7444 | D:10     | Entered Level 10 of the Dungeon
  7557 | D:10     | Noticed Snorg
  7574 | D:10     | Killed Snorg
  7600 | D:10     | Noticed an eight-headed hydra
  7611 | D:10     | Killed an eight-headed hydra
  7695 | D:10     | Reached skill level 10 in Shapeshifting
  7712 | D:10     | Reached skill level 10 in Unarmed Combat
  7716 | D:10     | Found a basalt altar of Yredelemnul.
  7873 | D:10     | Noticed a two-headed ogre
  7881 | D:10     | Killed a two-headed ogre
  7882 | D:10     | Reached XP level 12. HP: 56/67 MP: 17/17
  7924 | D:10     | Identified the +2 robe of Hysteria {Harm rC- rCorr Str+6}
  7938 | D:10     | Noticed a two-headed ogre
  7947 | D:10     | Killed a two-headed ogre
  8028 | D:10     | Noticed a boulder beetle
  8030 | D:10     | Noticed a two-headed ogre
  8047 | D:10     | Killed a boulder beetle
  8053 | D:10     | Killed a two-headed ogre
  8076 | D:10     | Reached skill level 11 in Shapeshifting
  8116 | D:10     | Found Henwues's Armour Emporium.
  8703 | D:11     | Noticed a two-headed ogre
  8709 | D:11     | Killed a two-headed ogre
  9071 | D:11     | Reached skill level 10 in Fighting
  9546 | D:12     | Received a gift from Trog
  9992 | D:12     | Found a runed translucent gate.
  9992 | D:12     | Found a runed translucent gate.
  9992 | D:12     | Found a runed translucent gate.
  9992 | D:12     | Noticed a quicksilver ooze
  9993 | D:12     | Found a viscous altar of Jiyva.
  9993 | D:12     | Noticed JustPassedBy's ghost (journeyman SpEn)
  9993 | D:12     | Noticed an acid blob
  9993 | D:12     | Noticed an acid blob
  9993 | D:12     | Noticed an azure jelly
  9993 | D:12     | Noticed an acid blob
  9994 | D:12     | Noticed a great orb of eyes
 10058 | D:12     | Reached skill level 12 in Shapeshifting
 10111 | D:12     | Noticed a two-headed ogre
 10118 | D:12     | Killed a two-headed ogre
 10250 | D:12     | Noticed a boulder beetle
 10272 | D:12     | Killed a boulder beetle
 10273 | D:12     | Reached XP level 13. HP: 47/72 MP: 18/18
 10402 | D:13     | Found Lacyf's Jewellery Shop.
 10406 | D:13     | Bought the ring "Ytonuick" {rElec rF+ Str+4 Slay-2 Stlth+}
                  | for 543 gold pieces
 10447 | D:13     | Demolished by a titanic slime creature

Illustrated notes

Levels and vault maps discovered:
D:1:      onia_arrival_pentagram, layout_basic
D:2:      layout_basic, shapermc_ecumenical_altar_venn, serial_aquarium,
          aquarium_bridge_long_joined [aquarium_subvault_wall,
          aquarium_subvault_window, aquarium_subvault_wall,
          aquarium_subvault_bridge, aquarium_subvault_wall,
          aquarium_subvault_bridge], aquarium_window_2, aquarium_window_1,
          aquarium_window_corridor_1, aquarium_window_fake, aquarium_view_2f,
          aquarium_pool_2, wander_ebering_terrifying_dragon_lair, uniq_terence,
          uniq_sigmund, uniq_crazy_yiuf_cottage
D:3:      layout_rooms, mainiacjoe_overflow_surrounded_room,
          nicolae_ru_the_path_less_chosen
D:4:      layout_loops_corners, mainiacjoe_overflow_paths,
          minmay_temple_entry_proselytizer
D:5:      layout_basic, okawaru_ov_weapons_minmay, portal_sewer_entry_e,
          amcnicky_mini_pool_small, hangedman_decor_riveting
D:6:      layout_rooms, good_gods_temple_1, nicolae_ashenzari_skybound,
          minmay_misc_feat_five, chequers_serial_rivers_micro_a, dk_vineyard_3,
          minmay_chambers_of_fives, uniq_pikel, uniq_grinder, uniq_maggie
D:7:      layout_cave_pools, tgw_kikubaaqudgha, dancing_weapons_uskayaw,
          grunt_temple_overflow_open, mainiacjoe_overflow_brackets,
          serial_shops, nicolae_shop_tiny_waterfront, shop,
          nicolae_stop_n_shop_1, uniq_duvessa
D:8:      layout_layer_cave, erik_lair_island
D:9:      layout_cave_pools, hiddenorc1_lemuel, serial_column_ruins,
          column_ruins_circle_large, column_ruins_square_medium,
          column_ruins_open_medium, column_ruins_grid_1, column_ruins_grid_1,
          column_ruins_open_tiny, column_ruins_grid_1, column_ruins_corridor_T,
          column_ruins_grid_1
D:10:     layout_basic, nicolae_yredelemnul_corpse_copse, serial_shops,
          nicolae_shop_stone, abandoned_shop, uniq_snorg
D:11:     layout_cave_pods
D:12:     layout_stronghold, gammafunk_ghost_ooze
D:13:     layout_irregular_city, serial_shops, shop,
          nicolae_shop_hallway_stairs, shop, shop, serial_undead,
          serial_undead_a, serial_undead_e, serial_undead_d, serial_undead_a
Temple:   hellmonk_temple_beads

Skill      XL: |  1  2  3  4  5  6  7  8  9 10 11 12 |
---------------+-------------------------------------+-----
Fighting       | 3 4 5 6 7 8 9 10 | 10.6
Dodging        | 3 |  3.0
Unarmed Combat | 4 5 6 7 9 10 11 | 11.5
Spellcasting   | 2 |  2.7
Shapeshifting  | 1 3 5 7 8 10 12 | 12.2

Action                     |  1- 3 |  4- 6 |  7- 9 | 10-12 | 13-15 || total
---------------------------+-------+-------+-------+-------+-------++-------
  Melee: Unarmed           |   100 |    79 |       |    25 |       ||   204
         Bite              |    35 |    40 |   121 |   275 |     6 ||   477
         Short sword       |       |    42 |    31 |       |       ||    73
         Dagger            |       |       |   273 |   492 |       ||   765
         Broad axe         |       |       |       |    37 |    11 ||    48
  Throw: Throwing net      |       |       |       |     2 |       ||     2
 Invoke: Berserk           |       |     1 |     4 |    10 |     1 ||    16
         Trog's Hand       |       |       |     1 |     5 |       ||     6
    Use: Potion            |       |     1 |       |       |       ||     1
         Scroll            |       |       |       |       |    12 ||    12
 Armour: Robe              |    16 |    19 |   172 |       |       ||   207
         Swamp dragon scal |       |       |     9 |   113 |       ||   122
         Acid dragon scale |       |       |       |   203 |     1 ||   204
  Dodge: Dodged            |    71 |    66 |   233 |   461 |     4 ||   835
   Form: Beast             |       |     1 |       |       |       ||     1

Table legend: (Time is in decaauts)
 A = Elapsed time spent in this place.
 B = Non-inter-level travel time spent in this place.
 C = Inter-level travel time spent in this place.
 D = Time resting spent in this place.
 E = Time spent auto-exploring this place.
 F = Levels seen in this place.
 G = Mean time per level.
                   A        B        C        D        E       F      G
               +--------+--------+--------+--------+--------+-----+--------+
         Total |  10593 |  10386 |    207 |    172 |   7763 |  15 |  706.2 |
       Dungeon |  10042 |   9835 |    207 |    172 |   7387 |  13 |  772.5 |
        Temple |      1 |      1 |      0 |      0 |      0 |   1 |    1.0 |
         Sewer |    549 |    549 |      0 |      0 |    376 |   1 |  549.0 |
               +--------+--------+--------+--------+--------+-----+--------+

Top non-repeatable levels by time:
     D:8: 1128 daAuts
    D:12: 1064 daAuts
    D:10: 988 daAuts
     D:4: 983 daAuts
    D:11: 971 daAuts
     D:2: 923 daAuts
     D:1: 906 daAuts
     D:5: 687 daAuts
     D:6: 650 daAuts
     D:9: 634 daAuts
     D:7: 604 daAuts
   Sewer: 549 daAuts
     D:3: 455 daAuts
    D:13: 45 daAuts
  Temple: 1 daAuts
